 Dungeon Crawl Stone Soup version 0.18.1-6-gd335043 (webtiles) character file.

1248 mistymad the Fighter (level 8, -9/75 HPs)
             Began as a Minotaur Berserker on May 16, 2016.
             Was a Priest of Trog.
             Splashed by a jelly's acid (11 damage)
             ... on level 6 of the Dungeon.
             The game lasted 00:21:29 (6267 turns).

mistymad the Fighter (Minotaur Berserker)           Turns: 6267, Time: 00:21:30

Health: -9/75      AC: -2    Str: 23    XL:     8   Next: 26%
Magic:  7/7        EV:  8    Int:  4    God:    Trog [***...]
Gold:   227        SH:  0    Dex: 11    Spells: 0 memorised, 7 levels left

rFire  . . .     SeeInvis .     a - +0 hand axe
rCold  . . .     Gourm    .     s - -2 leather armour (curse)
rNeg   . . .     Faith    .     (no shield)
rPois  +         Spirit   .     (helmet restricted)
rElec  .         Dismiss  .     (no cloak)
rCorr  .         Reflect  .     (no gloves)
SustAt .         Harm     .     (no boots)
MR     .....     Rnd*Tele +     (no amulet)
Stlth  +.........               d - ring of teleportation (curse)
                                p - ring of poison resistance

@: exhausted, corroded, slowed, very slow, not resistant to hostile
enchantments, very unstealthy
A: retaliatory headbutt, horns 2
a: Berserk, Trog's Hand, Burn Spellbooks, Renounce Religion


You were on level 6 of the Dungeon.
You worshipped Trog.
Trog was most pleased with you.
You were near starving.

You visited 1 branch of the dungeon, and saw 6 of its levels.
You also visited: Ossuary.

You collected 227 gold pieces.

Inventory:

Hand Weapons
 a - a +0 hand axe (weapon)
Armour
 r - a +0 scale mail
 s - a cursed -2 leather armour (worn)
Jewellery
 d - a cursed ring of teleportation (right hand)
 p - a ring of poison resistance (left hand)
 v - an uncursed ring of positive energy {unknown}
Wands
 n - a wand of acid (7/15)
 u - a wand of disintegration (10/24)
 x - a wand of random effects (20/48)
Scrolls
 e - 7 scrolls of immolation
 g - 5 scrolls of noise
 i - 2 scrolls of amnesia
 j - a scroll of teleportation
 k - 4 scrolls of enchant armour
 l - a scroll of holy word
 y - a scroll of enchant weapon
 z - a scroll of magic mapping
 A - a scroll of blinking
 I - a scroll of random uselessness {unknown}
Potions
 b - a potion of magic {unknown}
 m - a potion of agility {unknown}
 o - 4 potions of curing {unknown}
 q - a potion of mutation {unknown}
 t - 2 potions of lignification {unknown}
 w - a potion of haste {unknown}
 B - a potion of ambrosia {unknown}
 C - a potion of berserk rage {unknown}
 D - a potion of heal wounds {unknown}
 F - 2 potions of brilliance {unknown}
Comestibles
 c - 5 bread rations
 f - 13 fruits
 h - 2 meat rations
 E - a slice of pizza
 H - a beef jerky


   Skills:
 * Level 8.6 Fighting
 + Level 6.4 Axes
 + Level 5.6 Armour
 + Level 5.0 Dodging


You had 7 spell levels left.
You didn't know any spells.

Dungeon Overview and Level Annotations

Branches:
Dungeon (6/15)
 Temple: D:4-7

Altars:
Cheibriados
Makhleb
Qazlal
Sif Muna
Trog
Xom
Yredelemnul
Zin


Innate Abilities, Weirdness & Mutations

You reflexively headbutt those who attack you in melee.
You have a pair of horns on your head.


Message History

You feel yourself slow down.
You are near starving!
The jelly hits you.
You are splashed with acid!
The acid burns!
* * * LOW HITPOINT WARNING * * *
You feel the effects of Trog's Hand fading.
The jelly barely misses you.
You are no longer corroded.
Your skin stops crawling.
You feel less resistant to hostile enchantments.
The jelly hits you.
You are splashed with acid!
The acid burns!
* * * LOW HITPOINT WARNING * * *
The jelly hits you.
* * * LOW HITPOINT WARNING * * *
You are splashed with acid!
The acid corrodes you!
The acid burns!
* * * LOW HITPOINT WARNING * * *
There is a stone staircase leading up, spattered with blood here.
The jelly hits you.
* * * LOW HITPOINT WARNING * * *
You are splashed with acid!
The acid burns!
You die...

+.....
#############.....
#.................
#.......####......
#..####...........
#..# #..###......
#..# #.....J...#
#.J#####.###.##.#
#@J..J...# #.# ##
############J##...
#.JJ# #.......#
.J..J.##.#.###.#
.JJJJJ.J.#.#
..JJ.J##.#.# #.JJ#
#.#.. ### #.###
#.#


You could see a jelly and 2 oozes.

Vanquished Creatures
  A slime creature (D:6)
  A phantom (D:3)
  The ghost of Zebura the Conjurer, an amateur TeFE of Makhleb (D:3)
  3 water moccasin zombies (Ossuary)
  A scorpion (D:4)
  A howler monkey (D:4)
  A jelly (D:6)
  A centaur skeleton (D:5)
  An orc priest (D:4)
  2 orc wizards
  Ijyb (D:2)
  Natasha (twice) (D:4)
  An iguana (D:4)
  3 worker ants
  3 big kobold zombies (Ossuary)
  2 mummies (Ossuary)
  6 adders
  3 adder zombies (Ossuary)
  6 oozes
  An adder skeleton (D:4)
  4 worms
  3 dart slugs
  A giant gecko (D:2)
  16 orcs
  7 bats
  8 giant cockroaches
  9 goblins
  6 hobgoblins
  14 jackals
  2 quokkas
  A giant newt (D:1)
  A gnoll zombie (Ossuary)
  A goblin zombie (D:5)
  3 hobgoblin zombies (Ossuary)
  5 kobolds
  8 kobold zombies (Ossuary)
  3 orc zombies (Ossuary)
  A quokka zombie (D:5)
  8 rats
142 creatures vanquished.

Vanquished Creatures (others)
  A kobold zombie (Ossuary)
  4 fungi (D:6)
5 creatures vanquished.

Grand Total: 147 creatures vanquished

Notes
Turn   | Place    | Note
--------------------------------------------------------------
     0 | D:1      | mistymad the Minotaur Berserker began the quest for the Orb.
     0 | D:1      | Reached XP level 1. HP: 19/19 MP: 0/0
   107 | D:1      | Reached skill level 4 in Fighting
   107 | D:1      | Reached XP level 2. HP: 27/27 MP: 1/1
   455 | D:1      | Reached ** piety under Trog
   519 | D:1      | Reached XP level 3. HP: 33/34 MP: 2/2
  1124 | D:2      | Found a snail-covered altar of Cheibriados.
  1278 | D:2      | Noticed Ijyb
  1290 | D:2      | Reached XP level 4. HP: 33/41 MP: 3/3
  1295 | D:2      | Killed Ijyb
  1295 | D:2      | Reached skill level 5 in Fighting
  1773 | D:2      | Found a glowing silver altar of Zin.
  1813 | D:2      | Found a shimmering altar of Xom.
  1813 | D:2      | Found a stormy altar of Qazlal.
  1814 | D:2      | Found a deep blue altar of Sif Muna.
  2252 | D:3      | Found a basalt altar of Yredelemnul.
  2321 | D:3      | Reached *** piety under Trog
  2382 | D:3      | Reached XP level 5. HP: 48/48 MP: 4/4
  2440 | D:3      | Noticed Zebura's ghost (amateur TeFE)
  2452 | D:3      | Killed Zebura's ghost
  2819 | D:3      | Found a bloodstained altar of Trog.
  3044 | D:4      | Reached skill level 6 in Fighting
  3044 | D:4      | Reached XP level 6. HP: 48/57 MP: 5/5
  3051 | D:4      | Noticed Natasha
  3055 | D:4      | Killed Natasha
  3055 | D:4      | Reached skill level 5 in Axes
  3583 | D:4      | Reached XP level 7. HP: 57/64 MP: 6/6
  3585 | D:4      | Reached skill level 7 in Fighting
  3995 | D:4      | Noticed Natasha
  4003 | D:4      | Killed Natasha
  4137 | D:4      | You fall through a shaft!
  4137 | D:5      | Entered Level 5 of the Dungeon
  4219 | D:5      | Found a sand-covered staircase.
  4247 | Ossuary  | Entered an ossuary
  4623 | Ossuary  | Reached skill level 5 in Armour
  5230 | D:5      | Reached skill level 8 in Fighting
  5404 | D:5      | Found a burning altar of Makhleb.
  5936 | D:4      | Reached XP level 8. HP: 65/74 MP: 7/7
  6230 | D:6      | Noticed a slime creature
  6247 | D:6      | Killed a slime creature
  6247 | D:6      | Reached skill level 5 in Dodging
  6266 | D:6      | HP: 3/75 [acid (10)]
  6267 | D:6      | Splashed by a jelly's acid

Skill      XL: |  1  2  3  4  5  6  7  8 |
---------------+-------------------------+-----
Fighting       | 4 5 6 8 |  8.6
Armour         | 3 4 5 |  5.6
Axes           | 4 5 6 |  6.4
Dodging        | 3 4 5 |  5.0

Action                   |  1- 3 |  4- 6 |  7- 9 || total
-------------------------+-------+-------+-------++-------
Melee: Hand axe          |    90 |   115 |   170 ||   375
       Headbutt          |    15 |    26 |    39 ||    80
Invok: Trog's Hand       |     1 |     3 |     4 ||     8
       Berserk           |       |     1 |     1 ||     2
  Use: Scroll            |       |     7 |     5 ||    12
  Eat: Chunk             |     1 |     9 |     7 ||    17
       Pizza             |       |       |     1 ||     1
Armor: Animal skin       |    10 |       |       ||    10
       Leather armour    |     8 |    16 |     5 ||    29
       Scale mail        |       |    13 |     2 ||    15
Dodge: Dodged            |    68 |    74 |    90 ||   232
